 Dungeon Crawl Stone Soup version 0.30-a0-1094-g860fb061e7 (webtiles) character file.

Game seed: 10868942942402058552

1327 fortdeath9 the Covered (level 8, -4/159 HPs)
             Began as a Minotaur Fighter on Apr 17, 2023.
             Killed by divine providence
             ... invoked by an orc priest
              (9 damage)
             ... on level 6 of the Dungeon on Apr 18, 2023.
             The game lasted 00:18:19 (4237 turns).

fortdeath9 the Covered (Minotaur Fighter)           Turns: 4237, Time: 00:18:19

Health: -4/159     AC: 24    Str: 23    XL:     8   Next: 34%
Magic:  7/7        EV:  2    Int:  5    God:
Gold:   200        SH: 10    Dex: 10    Spells: 7/7 levels left

rFire   . . .      SeeInvis .    z - +8 demon trident "Rift" {distort, reach+}
rCold   . . .      Faith    .    c - +0 buckler
rNeg    . . .      Spirit   .    B - melded +0 chain mail
rPois   +          Reflect  +    (helmet currently unavailable)
rElec   .          Rampage  .    (cloak currently unavailable)
rCorr   .          NoTele   +    (gloves currently unavailable)
Will    .....                    (boots currently unavailable) Stlth
                                 i - amulet of reflection
HPRegen 0.46/turn                (no ring)
MPRegen 0.10/turn                (no ring)

@: berserking, tree-form, very quick
A: stationary, stasis, torment immunity, boosted hp, (horns 2), (retaliatory
headbutt)
a: no special abilities


You were on level 6 of the Dungeon.
You were a tree.
You visited 1 branch of the dungeon, and saw 6 of its levels.

You collected 200 gold pieces.

Inventory:

Hand Weapons
 z - the +8 demon trident "Rift" (weapon) {distort, reach+}
   (You found it on level 4 of the Dungeon)
Missiles
 j - 48 stones (quivered)
 u - 19 poisoned darts
 y - a throwing net
Armour
 c - a +0 buckler (worn)
 B - a +0 chain mail (melded)
Jewellery
 f - a ring of fire
 i - an amulet of reflection (around neck)
 w - a ring of fire
Wands
 b - a wand of paralysis (22)
 l - a wand of flame (12)
Scrolls
 e - a scroll of immolation
 g - 4 scrolls of teleportation
 k - a scroll of poison {unknown}
 s - a scroll of brand weapon {unknown}
 v - 2 scrolls of noise
 x - a scroll of enchant weapon {unknown}
 D - a scroll of fear {unknown}
Potions
 a - 2 potions of curing {unknown}
 h - a potion of magic {unknown}
 m - 2 potions of lignification
 o - a potion of resistance {unknown}
 p - a potion of brilliance
 q - a potion of haste {unknown}
 r - a potion of mutation {unknown}
 t - a potion of heal wounds {unknown}
 A - a potion of berserk rage
 C - a potion of might


   Skills:
 + Level 6.5 Fighting
 - Level 6.0(6.9) Axes
 * Level 5.0(6.4) Polearms
 + Level 6.6 Armour
 + Level 6.5 Shields


You had 7 spell levels left.
You didn't know any spells.
Your spell library contained the following spells:

 Spells                   Type           Power      Damage    Failure   Level
 Beastly Appendage        Tmut           0%         N/A       56%         1
 Freeze                   Ice            0%         1d3       56%         1
 Slow                     Hex            0%         N/A       56%         1
 Wereblood                Tmut           0%         N/A       71%         2
 Confusing Touch          Hex            0%         N/A       90%         3
 Dazzling Flash           Conj/Hex       0%         N/A       90%         3
 Frozen Ramparts          Ice            0%         1d1       90%         3
 Hailstorm                Conj/Ice       0%         3d3       90%         3
 Ignite Poison            Fire/Tmut/Pois 0%         N/A       90%         3
 Portal Projectile        Hex/Tloc       0%         N/A       90%         3
 Spider Form              Tmut/Pois      0%         N/A       90%         3
 Tukima's Dance           Hex            0%         N/A       90%         3
 Vampiric Draining        Necr           0%         2d6       90%         3
 Volatile Blastmotes      Fire/Tloc      0%         2d10      90%         3
 Iskenderun's Mystic Bla  Conj/Tloc      0%         2d3       100%        4
 Sticky Flame             Conj/Fire      0%         2d3       100%        4
 Blade Hands              Tmut           0%         N/A       100%        5
 Starburst                Conj/Fire      0%         6d3       100%        6
 Ignition                 Fire           0%         3d3       100%        8


Dungeon Overview and Level Annotations

Branches:
Dungeon (6/15)
 Temple: D:4-7

Altars:
Makhleb
Nemelex Xobeh
Sif Muna
Uskayaw
The Shining One

Portals:
Abyss: D:4

Annotations:
D:6 1 transporter, Maggie


Innate Abilities, Weirdness & Mutations

You are a tree.
Your roots penetrate the ground, keeping you stationary.
You cannot be teleported.
You are immune to unholy pain and torment.
Your maximum health is greatly increased.
Your equipment is partially melded.
((You have a pair of horns on your head.))
((You reflexively headbutt those who attack you in melee.))


Message History

The orc warrior blinks!
The orc warrior shoots a bolt.
The bolt hits you!
Reach: z) +8 demon trident "Rift" {distort, reach+}
Press: ? - help, Dir - move target, f/p - orc warrior
Aim: an orc warrior, wielding a +0 arbalest and wearing a +0 chain mail (severely wounded, about 33% to evade the +8 demon trident "Rift")
You hit the orc warrior.
You kill the orc warrior!
Your base Polearms skill increases to level 5!
Reach: z) +8 demon trident "Rift" {distort, reach+}
Press: ? - help, Dir - move target, f - orc wizard
Aim: an orc wizard, wielding a +1 dagger of freezing and wearing a +0 robe (about 36% to evade the +8 demon trident "Rift")
You hit the orc wizard.
The orc wizard is moderately wounded.
The orc priest mumbles some strange prayers to Beogh against you.
Beogh smites you!
* * * LOW HITPOINT WARNING * * *
You turn into a tree.
Your +0 chain mail melds into your body.
Your roots penetrate the ground.
You hit the orc wizard.
The orc wizard is heavily wounded.
The orc wizard blinks!
The orc wizard barely misses you.
The orc priest invokes the aid of Beogh against you.
Beogh smites you!
* * * LOW HITPOINT WARNING * * *
You closely miss the orc wizard.
The orc wizard is heavily wounded.
The orc wizard hits you but does no damage.
You hit the orc wizard but do no damage.
Space warps horribly around the orc wizard!
You kill the orc wizard!
You block the orc priest's attack.
It was a potion of berserk rage.
A red film seems to cover your vision as you go berserk!
You feel yourself moving faster!
You feel mighty!
You barely miss the orc priest.
The orc priest hits you but does no damage.
You barely miss the orc priest. You block the orc's attack.
The orc priest mumbles some strange prayers to Beogh against you.
Beogh smites you!
You die...

#..#..#..........## #####.###
#..#.#..#.###.....## #........
#...###.#.##.!.....## #.#.#.###
##...#.##.#.........###.....###
#........'.........'..........
####........#.........###.....###
......#.######)......## #........
#####>### ##.)...#######....##
######### ##♣o.##.....######
######### ##o###°Y...# ##.....##
#.###.....# ##.....## #...#:$...+
'))._..## #..©#©$...+ ##.....##
#....#($...+ ##.....##
........#.....# #########
#......##○..°.# #########
##.##... .....#


You could see an orc priest and an orc.

Vanquished Creatures
  The ghost of gravestoyou the Covered, an amateur MiFi of Fedhas (D:4)
  An orc warrior (D:6)
  2 black bears
  A phantom (D:5)
  A kobold brigand (D:6)
  Blork the orc (D:4)
  A bullfrog (D:6)
  A scorpion (D:5)
  A small abomination (D:4)
  A crimson imp (D:4)
  A jelly (D:5)
  2 orc priests
  2 hounds
  An iron imp (D:4)
  An iguana (D:4)
  2 orc wizards
  A gnoll (D:4)
  7 adders
  A shadow imp (D:5)
  2 ufetubi
  3 dart slugs
  10 orcs
  7 endoplasms
  2 giant cockroaches
  2 goblins
  7 hobgoblins
  3 jackals (D:2)
  4 quokkas
  4 ball pythons
  4 bats (D:1)
  3 frilled lizards
  11 kobolds
  4 rats
95 creatures vanquished.

Notes
Turn   | Place    | Note
-------+----------+-------------------------------------------
     0 | D:1      | fortdeath9 the Minotaur Fighter began the quest for the
                  | Orb.
     0 | D:1      | Reached XP level 1. HP: 19/19 MP: 0/0
   157 | D:1      | Reached XP level 2. HP: 27/27 MP: 1/1
   897 | D:2      | Reached XP level 3. HP: 33/33 MP: 2/2
  1109 | D:2      | You fall into a shaft and drop 2 floors!
  1160 | D:3      | Reached XP level 4. HP: 34/40 MP: 3/3
  1745 | D:3      | Reached XP level 5. HP: 47/47 MP: 4/4
  1866 | D:4      | Found a shimmering blue altar of Sif Muna.
  1866 | D:4      | Found a sparkling altar of Nemelex Xobeh.
  2053 | D:4      | Noticed gravestoyou's ghost (amateur MiFi)
  2055 | D:4      | Found a one-way gate to the infinite horrors of the Abyss.
  2055 | D:4      | Found a transporter.
  2085 | D:4      | Found a transporter.
  2110 | D:4      | Found the +8 demon trident "Rift" {distort, reach+}
  2181 | D:4      | Found a burning altar of Makhleb.
  2286 | D:4      | Reached skill level 5 in Axes
  2288 | D:4      | Reached XP level 6. HP: 44/55 MP: 5/5
  2431 | D:4      | Noticed Blork the orc
  2443 | D:4      | Killed Blork the orc
  2444 | D:4      | Reached skill level 5 in Fighting
  2444 | D:4      | Reached skill level 5 in Armour
  2444 | D:4      | Reached skill level 5 in Shields
  2903 | D:4      | Killed gravestoyou's ghost
  2904 | D:4      | Reached XP level 7. HP: 9/61 MP: 6/6
  3095 | D:4      | Reached skill level 1 in Polearms
  3157 | D:5      | Entered Level 5 of the Dungeon
  3359 | D:5      | Found a glowing golden altar of the Shining One.
  3943 | D:6      | Noticed Maggie
  3990 | D:6      | Reached XP level 8. HP: 70/70 MP: 7/7
  4121 | D:6      | Found a hide-covered altar of Uskayaw.
  4217 | D:6      | Found a transporter.
  4230 | D:6      | Reached skill level 5 in Polearms
  4232 | D:6      | HP: 2/106 [orc priest/divine providence (16)]
  4237 | D:6      | Killed from afar by an orc priest

Illustrated notes

Levels and vault maps discovered:
D:1:      shiori_shiawase, layout_loops_ring, grunt_decor_cap
D:2:      layout_basic, uniq_robin
D:3:      layout_loops_ring
D:4:      layout_loops_corners, makhleb_heckhound_becter,
          nicolae_overflow_two_pavilions, gammafunk_ghost_abyssal_escape,
          uniq_blork_the_orc
D:5:      layout_loops_ring, tso_metal_star, mrwooster_statue_mirror
D:6:      gammafunk_cloud_chamber, layout_loops_corners,
          nicolae_uskayaw_dance_studio,
          nicolae_gozag_cash_rules_everything_around_me, uniq_maggie

Skill      XL: |  1  2  3  4  5  6  7  8 |
---------------+-------------------------+-----
Fighting       | 4 5 6 |  6.5
Axes           | 3 4 5 6 |  6.0
Armour         | 4 5 6 |  6.6
Shields        | 4 5 6 |  6.5
Polearms       | 4 5 |  5.0

Action                     |  1- 3 |  4- 6 |  7- 9 || total
---------------------------+-------+-------+-------++-------
  Melee: War axe           |    70 |   109 |       ||   179
         Headbutt          |     9 |    16 |    10 ||    35
         Demon trident     |       |       |    65 ||    65
  Throw: Stone             |       |     3 |       ||     3
    Use: Scroll            |     3 |     1 |     3 ||     7
         Potion            |       |     1 |     2 ||     3
 Armour: Scale mail        |    21 |    52 |       ||    73
         Chain mail        |       |       |    15 ||    15
         Skin              |       |       |     2 ||     2
  Dodge: Dodged            |    25 |    33 |    17 ||    75
  Block: Buckler           |    26 |    46 |    19 ||    91
         Reflection        |       |     3 |       ||     3

Table legend: (Time is in decaauts)
 A = Elapsed time spent in this place.
 B = Non-inter-level travel time spent in this place.
 C = Inter-level travel time spent in this place.
 D = Time resting spent in this place.
 E = Time spent auto-exploring this place.
 F = Levels seen in this place.
 G = Mean time per level.
                   A        B        C        D        E       F      G
               +--------+--------+--------+--------+--------+-----+--------+
         Total |   4303 |   4142 |    161 |    389 |   2529 |   6 |  717.2 |
       Dungeon |   4303 |   4142 |    161 |    389 |   2529 |   6 |  717.2 |
               +--------+--------+--------+--------+--------+-----+--------+

Top non-repeatable levels by time:
     D:4: 1436 daAuts
     D:5: 813 daAuts
     D:1: 770 daAuts
     D:3: 647 daAuts
     D:2: 365 daAuts
     D:6: 270 daAuts
